 Dungeon Crawl Stone Soup version 0.31.0 (webtiles) character file.

Game seed: 8075610952114667759

578 Monkooky the Charlatan (level 7, -10/48 HPs)
             Began as a Demonspawn Artificer on Jan 20, 2024.
             Was an Initiate of Yredelemnul.
             Killed by an exploding black bear (50 damage)
             ... ignited by their inner flame
             ... on level 4 of the Dungeon.
             The game lasted 00:12:18 (4058 turns).

Monkooky the Charlatan (Demonspawn Artificer)       Turns: 4058, Time: 00:12:19

Health: -10/48     AC:  7    Str: 14    XL:     7   Next: 13%
Magic:  3/8        EV: 10    Int: 11    God:    Yredelemnul [......]
Gold:   107        SH:  0    Dex: 14    Spells: 4/7 levels left

rFire   . . .        i - +3 dagger (venom)
rCold   . . .        (no shield)
rNeg    . . .        g - +0 ring mail
rPois   .            (no helmet)
rElec   .            (no cloak)
rCorr   .            (no gloves)
SInv    .            (no boots)
Will    .....        (no amulet)
Stlth   +            (no ring)
HPRegen 0.28/turn    (no ring)
MPRegen 0.11/turn

%: no passive effects
@: very slightly contaminated, slowed, very slow
A: molten scales 1, ignite blood 1, weakness stinger 1
a: Renounce Religion, Recall Undead Harvest


You were on level 4 of the Dungeon.
You worshipped Yredelemnul.
Yredelemnul was noncommittal.
You visited 1 branch of the dungeon, and saw 4 of its levels.

You collected 107 gold pieces.

Inventory:

Hand Weapons
 a - a +0 club
 c - a +0 dagger of venom
 i - a +3 dagger of venom (weapon)
 n - a +0 short sword
 t - a +0 sling
 u - a +0 flail
Armour
 b - a +0 leather armour
 g - a +0 ring mail (worn)
Wands
 d - a wand of charming (13)
 e - a wand of iceblast (2)
Scrolls
 f - a scroll of immolation
 j - a scroll of brand weapon
 o - a scroll of revelation
 p - a scroll of fog
 s - 2 scrolls of blinking {unknown}
 v - a scroll of amnesia
 x - 2 scrolls of fear {unknown}
 y - a scroll of torment {unknown}
Potions
 h - 2 potions of cancellation {unknown}
 k - 2 potions of lignification {unknown}
 l - a potion of magic {unknown}
 m - 3 potions of curing {unknown}
 q - 2 potions of resistance {unknown}
 r - 2 potions of might {unknown}
 w - 4 potions of enlightenment {unknown}
 z - 2 potions of haste {unknown}


   Skills:
 - Level 1.0 Fighting
 - Level 1.4 Maces & Flails
 - Level 1.8 Armour
 - Level 0.9 Dodging
 - Level 0.9 Stealth
 + Level 0.7 Spellcasting
 + Level 4.2 Hexes
 + Level 3.8 Fire Magic
 - Level 4.5 Evocations


You had 4 spell levels left.
You knew the following spells:

 Your Spells              Type           Power      Damage    Failure   Level
a - Inner Flame           Hex/Fire       9%         N/A       36%         3

Your spell library contained the following spells:

 Spells                   Type           Power      Damage    Failure   Level
 Irradiate                Conj/Alch      0%         3d11      100%        5
 Ignition                 Fire           4%         3d4       100%        8


Dungeon Overview and Level Annotations

Branches:
Dungeon (4/15)
 Temple: D:4-7

Altars:
Yredelemnul


Innate Abilities, Weirdness & Mutations

You are partially covered in molten scales. (AC +2)
Your demonic aura sometimes causes spilled blood to erupt in flames.
You have a small tail.


Message History

Confirm with . or Enter, or press ? or * to list all spells.
Aiming: Inner Flame (quite dangerous; 36% risk of failure)
Press: ? - help, Dir - move target, f - black bear
Aim: a black bear (chance to affect: 58%)
You miscast Inner Flame.
You are very lightly contaminated with residual magic.
You feel a strange surge of energy.
You feel yourself slow down.
Casting: Inner Flame (quite dangerous; 36% risk of failure)
Confirm with . or Enter, or press ? or * to list all spells.
Aiming: Inner Flame (quite dangerous; 36% risk of failure)
Press: ? - help, Dir - move target, f/p - black bear
Aim: a black bear (chance to affect: 58%)
The black bear is filled with an inner flame.
You barely miss the black bear.
You tail-slap the black bear, but do no damage.
The black bear closely misses you.
The black bear claws you but does no damage. x2
You barely miss the black bear. The black bear bites you.
The black bear claws you.
The black bear claws you but does no damage.
The black bear bites you but does no damage.
The black bear closely misses you. The black bear barely misses you.
Unknown command.
You hit the black bear.
Flame seeps out of the black bear.
The black bear is poisoned.
The black bear is lightly wounded.
Flame seeps out of the black bear.
The black bear is engulfed in blazing flames.
Flame seeps out of the black bear.
The black bear closely misses you. The black bear claws you.
The black bear closely misses you.
You hit the black bear.
Flame seeps out of the black bear.
The black bear looks as sick as possible!
The black bear is severely wounded.
Flame seeps out of the black bear. x2
The black bear is engulfed in blazing flames.
The black bear explodes!
The fiery explosion engulfs you!!!
Ouch! That really hurt!
You die...
Your body rises from the dead as a mindless zombie.

##.######
#..#...######
#...........#
##..........#
#..........#
##........##
##....§.§#
#.....°§#
##...§§@#
#......#
##.##### ##


There were no monsters in sight!

Vanquished Creatures
  A black bear (D:4)
  An orc warrior (D:4)
  2 ogres
  A scorpion (D:4)
  An orc priest (D:3)
  A scorpion zombie (D:4)
  2 orc wizards
  Robin (D:4)
  7 gnolls
  2 adders
  A ribbon worm (D:2)
  9 orcs
  4 ball pythons
  2 endoplasms
  2 giant cockroaches
  2 goblins
  8 hobgoblins
  3 jackals (D:1)
  2 quokkas
  4 bats
  5 frilled lizards
  A giant cockroach zombie (D:3)
  A goblin zombie (D:4)
  A hobgoblin zombie (D:4)
  7 kobolds
  4 orc zombies (D:4)
  2 rats
  2 spectral orcs (D:4)
79 creatures vanquished.

Vanquished Creatures (collateral kills)
  6 orcs (D:4)
  2 hobgoblins (D:4)
  A jackal (D:1)
  A gnoll zombie (D:3)
10 creatures vanquished.

Vanquished Creatures (others)
  An endoplasm zombie (D:2)
  A goblin zombie (D:3)
  4 hobgoblin zombies (D:3)
  5 orc zombies
  A spectral orc (D:4)
12 creatures vanquished.

Grand Total: 101 creatures vanquished

Notes
Turn   | Place    | Note
-------+----------+-------------------------------------------
     0 | D:1      | Monkooky the Demonspawn Artificer began the quest for the
                  | Orb.
     0 | D:1      | Reached XP level 1. HP: 15/15 MP: 1/1
   333 | D:1      | Gained mutation: You have a small tail. [demonic ancestry]
   333 | D:1      | Reached XP level 2. HP: 11/21 MP: 2/2
   399 | D:1      | Found a faded altar of an unknown god.
   409 | D:1      | Prayed at the altar of an unknown god.
   409 | D:1      | Became a worshipper of Yredelemnul the Dark
   409 | D:1      | Reached * piety under Yredelemnul
  1118 | D:2      | Reached XP level 3. HP: 26/26 MP: 3/3
  1451 | D:3      | Reached skill level 1 in Maces & Flails
  1533 | D:3      | Gained mutation: Your demonic aura sometimes causes spilled
                  | blood to erupt in flames. [demonic ancestry]
  1533 | D:3      | Reached XP level 4. HP: 4/32 MP: 4/4
  1714 | D:3      | Learned a level 3 spell: Inner Flame
  2041 | D:3      | Reached skill level 1 in Hexes
  2041 | D:3      | Reached skill level 1 in Fire Magic
  2042 | D:3      | Gained mutation: You are partially covered in molten
                  | scales. (AC +2) [demonic ancestry]
  2042 | D:3      | Reached XP level 5. HP: 23/37 MP: 5/5
  3429 | D:4      | Noticed an ogre
  3436 | D:3      | Killed an ogre
  3437 | D:3      | Reached XP level 6. HP: 23/43 MP: 6/6
  3559 | D:4      | Noticed an orc warrior
  3602 | D:4      | Killed an orc warrior
  3910 | D:4      | Reached XP level 7. HP: 27/48 MP: 1/7
  3917 | D:4      | Noticed Robin
  3923 | D:4      | Killed Robin
  4058 | D:4      | Killed by an exploding black bear... ignited by their inner
                  | flame

Illustrated notes

Levels and vault maps discovered:
D:1:      dpeg_arrival_pond, layout_basic,
          hellmonk_ecumenical_altar_arch_garden, grunt_decor_fettered
D:2:      minmay_spotlight, layout_basic, hex_medium
D:3:      layout_loops_corners
D:4:      layout_cave_pods, mainiacjoe_overflow_small_starburst,
          serial_column_ruins, column_ruins_hut, column_ruins_courtyard_long,
          column_ruins_grid_1, column_ruins_columns_straight,
          column_ruins_corridor_dead_end, column_ruins_grid_2,
          column_ruins_corridor_T, serial_shops, shop,
          minmay_shop_enchanted_jewellery, nicolae_shop_vocational, uniq_robin

Skill      XL: |  1  2  3  4  5  6 |
---------------+-------------------+-----
Evocations     | 4 |  4.5
Maces & Flails | 1 |  1.4
Hexes          | 1 2 4 |  4.2
Fire Magic     | 1 2 3 |  3.8
Fighting       | |  1.0
Armour         | |  1.8
Dodging        | |  0.9
Stealth        | |  0.9
Spellcasting   | |  0.7

Action                     |  1- 3 |  4- 6 |  7- 9 || total
---------------------------+-------+-------+-------++-------
  Melee: Club              |    56 |       |       ||    56
         Punch             |     2 |       |       ||     2
         Short sword       |    19 |       |       ||    19
         Tailslap          |     5 |    16 |     1 ||    22
         Flail             |    17 |    81 |       ||    98
         Dagger            |       |    16 |     7 ||    23
   Fire: Sling             |       |     1 |       ||     1
   Cast: Inner Flame       |       |     4 |     2 ||     6
  Evoke: Wand              |     9 |    11 |       ||    20
    Use: Scroll            |       |     5 |       ||     5
   Stab: Distracted        |     1 |       |       ||     1
 Armour: Ring mail         |    75 |    76 |    10 ||   161
         Leather armour    |     4 |       |       ||     4
  Dodge: Dodged            |    57 |    60 |     5 ||   122
